 Dungeon Crawl Stone Soup version 0.30.0-15-g856e2d3f33 (webtiles) character file.

Game seed: 16501134848823263137

132018 qw the Severer (level 17, -1/111 HPs)
             Began as a Gargoyle Fighter on May 21, 2023.
             Was a Priest of Okawaru.
             Blown up by an orb spider (25 damage)
             ... with an orb of destruction
             ... led by a torpor snail
             ... on level 1 of the Spider Nest.
             The game lasted 00:16:27 (27918 turns).

qw the Severer (Gargoyle Fighter)                  Turns: 27918, Time: 00:16:28

Health: -1/111     AC: 49    Str: 29    XL:     17   Next: 11%
Magic:  22/24      EV: 17    Int: 16    God:    Okawaru [***...]
Gold:   496        SH: 13    Dex:  9    Spells: 16/16 levels left

rFire   + . .        Y - +7 broad axe (protect)
rCold   . . .        u - +0 kite shield
rNeg    + + .        g - +5 pearl dragon scales of the Heavens {rN+ Int+5 SInv}
rPois   inf          y - +1 hat
rElec   +            n - +1 cloak
rCorr   .            c - +0 pair of gloves of Muxkof {Regen+}
SInv    +            w - +0 pair of boots
Will    +....        A - amulet of regeneration
Stlth   +            e - +5 ring of evasion
HPRegen 1.98/turn    r - ring "Mairua" {rF+ Str+3}
MPRegen 0.19/turn

%: no passive effects
@: heroic, under a protective aura, flying
A: sickness immunity, AC +12, big wings, negative energy resistance 1,
electricity resistance, torment resistance 1, petrification resistance
a: Renounce Religion, Heroism


You were on level 1 of the Spider Nest.
You worshipped Okawaru.
Okawaru was most pleased with you.
You visited 6 branches of the dungeon, and saw 27 of its levels.
You also visited: Sewer.

You collected 2761 gold pieces.
You spent 2265 gold pieces at shops.


Innate Abilities, Weirdness & Mutations

You are immune to sickness and miasma.
Your stone body is resilient. (AC +12)
You are immune to poison.
Your large and strong wings let you fly.
You resist negative energy. (rN+)
You are resistant to electric shocks. (rElec)
You are resistant to unholy torment.
You are immune to petrification.


   Skills:
 - Level 14.0(19.0) Fighting
 - Level 18.0(23.0) Axes
 - Level 6.2(11.2) Throwing
 - Level 12.0(17.0) Armour
 - Level 4.0(9.0) Dodging
 + Level 13.6(18.6) Shields
 - Level 10.0 Invocations


You had 16 spell levels left.
You didn't know any spells.
Your spell library was empty.

Inventory:

Hand Weapons
 t - a -2 demon whip of venom
 Y - a +7 broad axe of protection (weapon)
Missiles
 f - 2 silver boomerangs (quivered)
 z - 31 boomerangs
Armour
 a - the +1 robe "Vonimaoc" {rC+ Regen+ rCorr}
   (You found it on level 4 of the Lair of Beasts)

   rC:        It protects you from cold.
   Regen:     It increases your rate of health regeneration.
   rCorr:     It protects you from acid and corrosion.
 c - the +0 pair of gloves of Muxkof (worn) {Regen+}
   (You acquired it on level 2 of the Shoals)

   Regen:     It increases your rate of health regeneration.
 g - the +5 pearl dragon scales of the Heavens (worn) {rN+ Int+5 SInv}
   (Okawaru gifted it to you on level 2 of the Lair of Beasts)

   Int:       It affects your intelligence (+5).
   rN:        It protects you from negative energy.
   SInv:      It lets you see invisible.
 n - a +1 cloak (worn)
 p - the +9 plate armour of Liaset {rF+}
   (You bought it in a shop on level 2 of the Orcish Mines)

   rF:        It protects you from fire.
 u - a +0 kite shield (worn)
 w - a +0 pair of boots (worn)
 y - a +1 hat (worn)
Jewellery
 e - a +5 ring of evasion (left hand)
 o - the ring "Mism" {Wiz rC- Will+ SInv}
   (You found it on level 9 of the Dungeon)

   [ring of wizardry]

   It improves your spell success rate.
   rC:        It makes you vulnerable to cold.
   SInv:      It lets you see invisible.
   Will:      It increases your willpower.
 r - the ring "Mairua" (right hand) {rF+ Str+3}
   (You found it on level 6 of the Dungeon)

   [ring of protection from fire]

   Str:       It affects your strength (+3).
   rF:        It protects you from fire.
 A - an amulet of regeneration (around neck)
 B - a +4 ring of protection
Scrolls
 m - 14 scrolls of identify
Potions
 b - 4 potions of mutation
 d - 15 potions of might
 h - 8 potions of attraction
 j - 3 potions of resistance
 k - 7 potions of curing
 l - 8 potions of haste
 s - 5 potions of cancellation
 v - 7 potions of magic
 C - 2 potions of lignification

Dungeon Overview and Level Annotations

Branches:
Dungeon (15/15)            Temple (1/1) D:5            Lair (5/5) D:11
 Shoals (3/4) Lair:2       Spider (1/4) Lair:3        Slime (0/5) Lair:5
    Orc (2/2) D:12            Elf (0/3) Orc:2        Vaults (0/5) D:14
 Depths (0/4) D:15          Sewer (visited)

Altars:
Ashenzari
Cheibriados
Dithmenos
Elyvilon
Fedhas
Gozag
Hepliaklqana
Kikubaaqudgha
Makhleb
Nemelex Xobeh
Okawaru
Qazlal
Ru
Sif Muna
Trog
Uskayaw
Vehumet
Wu Jian
Xom
Yredelemnul
Zin
The Shining One
Jiyva

Shops:
D:6 [   D:10 **([   D:12 (:[!=   D:14 (   Orc:2 [(?   Shoals:1 *

Portals:
Trove: D:11 (give +6 ice dragon scales)

Annotations:
D:7 1 runed translucent door, Crazy Yiuf


Message History

You hit the demonic crawler but do no damage.
You block the demonic crawler's attack. x2
The demonic crawler hits you but does no damage.
The demonic crawler barely misses you.
The demonic crawler hits you but does no damage.
The demonic crawler misses you. The demonic crawler closely misses you.
You block the demonic crawler's attack. The demonic crawler misses you.
You barely miss the demonic crawler.
The demonic crawler is almost dead.
You slice the demonic crawler!! You slash the demonic crawler!
You feel like a meek peon again.
The demonic crawler hits you but does no damage. x2
The demonic crawler barely misses you.
The demonic crawler closely misses you. x3
You block the demonic crawler's attack. x2; The demonic crawler misses you.
27916 ||| INVOKING Heroism.
You gain the combat prowess of a mighty hero.
You block the demonic crawler's attack. The demonic crawler misses you.
The demonic crawler hits you but does no damage.
The demonic crawler misses you. The demonic crawler closely misses you.
You block the demonic crawler's attack. The demonic crawler misses you.
The demonic crawler closely misses you.
The demonic crawler completely misses you.
The demonic crawler closely misses you. The demonic crawler barely misses you.
The demonic crawler closely misses you.
The orb spider weaves a glowing orb of energy.
An orb of destruction comes into view.
You barely miss the demonic crawler.
The demonic crawler is severely wounded.
You barely miss the demonic crawler. You hit the demonic crawler.
The demonic crawler misses you. You block the demonic crawler's attack.
The demonic crawler hits you. You block the demonic crawler's attack.
The demonic crawler barely misses you.
The demonic crawler hits you but does no damage. x2
The demonic crawler hits you.
The demonic crawler hits you but does no damage.
You slash the demonic crawler!
The demonic crawler is severely wounded.
You slice the demonic crawler!! x2
The orb of destruction hits you!!
You die...

.. ...........## . #
#..........?##
$......#.....###
....##.........###
...##......%.....##
..##........s.s...##
.........#0[..#..#
.....#..)#.0.....##
.........#s@......#
..........ss......#
.....#.#..s#...[.##
.....###...#...###
..#. #^...#.....## #
#....##<.....#
#.....#.......#
#.....#...^...#
#..^######...##


You could see 3 demonic crawlers, a wolf spider and 2 orb spiders.

Vanquished Creatures
  Mlioglotl (Shoals:1)
  A fire dragon (D:15)
  3 merfolk impalers
  An ettin (D:15)
  An entropy weaver (Spider:1)
  Josephine (Orc:2)
  Harold (D:10)
  2 hydras
  9 centaur warriors
  8 vault guards (D:14)
  A catoblepas (Lair:5)
  3 ogre magi
  2 merfolk avatars
  A boulder beetle (D:15)
  3 alligator snapping turtles
  5 merfolk aquamancers
  12 two-headed ogres
  A satyr (Shoals:2)
  4 death yaks (Lair:4)
  6 skysharks
  Nergalle (Orc:2)
  Amaemon (Lair:2)
  A pharaoh ant (Spider:1)
  A fire crab (shapeshifter) (D:13)
  2 deep trolls (D:15)
  11 sea snakes
  3 harpies (Shoals:1)
  A necromancer (D:15)
  A steelbarb worm (Spider:1)
  A deep elf pyromancer (D:13)
  8 orc sorcerers (Orc:2)
  A wolf spider (Spider:1)
  14 ugly things
  11 fauns
  19 manticores
  4 cyclopes
  9 elephants
  5 black mambas
  6 merfolk sirens
  8 torpor snails
  Joseph (D:10)
  7 water nymphs
  8 cane toads
  8 orange demons
  An unseen horror (D:13)
  2 rime drakes (Lair:1)
  2 demonic crawlers
  A kobold demonologist (D:13)
  4 unseen horror zombies (D:9)
  8 komodo dragons
  2 tengu conjurers
  An efreet (D:13)
  A red devil (D:14)
  20 merfolk
  6 wind drakes
  A queen bee (Lair:1)
  8 trolls
  2 hornets
  5 polar bears
  A tarantella (Spider:1)
  11 blink frogs
  2 slime creatures (D:13)
  6 jumping spiders (Spider:1)
  5 snapping turtles
  A blink frog (shapeshifter) (D:13)
  2 dream sheep (Lair:5)
  2 culicivoras (Spider:1)
  A shadow (D:10)
  A vampire (D:9)
  3 wyverns
  3 basilisks
  14 water elementals
  6 wraiths
  53 yaks
  A yak (shapeshifter) (D:14)
  7 redbacks (Spider:1)
  7 vampire mosquitoes
  6 steam dragons
  An acid dragon (D:12)
  A warg (Orc:1)
  Duvessa (D:6)
  10 water moccasins
  12 orc warriors
  A sky beast (D:8)
  4 black bears
  3 ice beasts
  5 ogres
  An ogre (shapeshifter) (D:15)
  A boggart (D:13)
  2 centaurs
  A phantom (D:5)
  3 kobold brigands
  17 bullfrogs
  3 gnoll sergeants
  6 scorpions
  3 wights (D:9)
  Dowan (D:6)
  28 killer bees
  2 howler monkeys (D:13)
  2 centaur zombies (D:9)
  2 hounds (D:6)
  A gnoll bouda (D:8)
  4 orc priests
  2 jellies (D:5)
  2 iguanas
  32 orc wizards
  4 howler monkey zombies (D:9)
  12 gnolls
  16 adders
  2 river rats (Sewer)
  A white imp (D:5)
  An ufetubus (D:4)
  4 worms
  4 dart slugs
  66 orcs
  9 bats
  15 endoplasms
  2 giant cockroaches (D:1)
  7 goblins
  4 hobgoblins
  3 jackals (D:5)
  17 kobolds
  3 quokkas
  11 ball pythons
  2 frilled lizards
  12 rats
  A butterfly (D:6)
741 creatures vanquished.

Vanquished Creatures (others)
  A sea snake (Shoals:3)
  An unseen horror (D:13)
  A merfolk (Shoals:2)
3 creatures vanquished.

Grand Total: 744 creatures vanquished

Notes
Turn   | Place    | Note
-------+----------+-------------------------------------------
     0 | D:1      | qw the Gargoyle Fighter began the quest for the Orb.
     0 | D:1      | Reached XP level 1. HP: 14/14 MP: 1/1
     0 | D:1      | 0 ||| qw: Version: 0.2-a-98-g16b38d9
     0 | D:1      | 0 ||| qw: Game counter: 30
     0 | D:1      | 0 ||| qw: Always use a shield: true
     0 | D:1      | 0 ||| qw: God list: Okawaru
     0 | D:1      | 0 ||| qw: Allow faded altars: false
     0 | D:1      | 0 ||| qw: Do Orc after D:15 true
     0 | D:1      | 0 ||| qw: Do second Lair branch before Depths: true
     0 | D:1      | 0 ||| qw: Lair rune preference: random
     0 | D:1      | 0 ||| qw: Plans: Normal, Zot:1-4, God:TSO, Crypt, Tomb,
                  | Pan, Slime:5, Hells, Abyss, Win
     0 | D:1      | 0 ||| PLANNING D:1-11
    52 | D:1      | Reached skill level 2 in Axes
   239 | D:1      | Reached XP level 2. HP: 19/19 MP: 2/2
   465 | D:1      | 465 ||| Stepping ~*~*~tactically~*~*~ (stealth).
   733 | D:1      | Reached skill level 3 in Axes
   934 | D:1      | 934 ||| UPGRADING to +0 chain mail.
   944 | D:1      | 944 ||| DROPPING +0 scale mail.
   945 | D:1      | 945 ||| READING scroll labelled GEMU CYORO.
  1009 | D:2      | Found an ornate altar of the Wu Jian Council.
  1086 | D:2      | Reached XP level 3. HP: 23/23 MP: 3/3
  1125 | D:2      | 1125 ||| Stepping ~*~*~tactically~*~*~ (stealth).
  1286 | D:2      | 1286 ||| DROPPING +0 club.
  1557 | D:2      | 1557 ||| Stepping ~*~*~tactically~*~*~ (hiding).
  1562 | D:2      | Reached XP level 4. HP: 28/28 MP: 4/4
  1597 | D:2      | Reached skill level 4 in Axes
  1815 | D:2      | 1815 ||| READING scroll labelled LUOTARU SERU.
  1816 | D:2      | 1816 ||| READING scroll labelled JESMAR BUMMUEH.
  1817 | D:2      | 1817 ||| READING 2 scrolls labelled BAPLASTI BEIFRO.
  1818 | D:2      | 1818 ||| READING 2 scrolls labelled GUITIT OHIVIBB.
  1821 | D:2      | 1821 ||| DRINKING 4 fuming purple potions.
  1822 | D:2      | 1822 ||| DROPPING scroll of immolation.
  2415 | D:3      | 2415 ||| UPGRADING to +0 plate armour.
  2425 | D:3      | 2425 ||| DROPPING +0 chain mail.
  2426 | D:3      | 2426 ||| DROPPING amulet of magic regeneration.
  2427 | D:3      | 2427 ||| UPGRADING to +6 ring of dexterity.
  2428 | D:3      | 2428 ||| READING scroll labelled TAJEUG PAIXA.
  2429 | D:3      | 2429 ||| READING scroll labelled MEUTRAYZAMEU.
  2444 | D:4      | 2444 ||| Stepping ~*~*~tactically~*~*~ (stealth).
  2449 | D:4      | 2449 ||| Stepping ~*~*~tactically~*~*~ (hiding).
  2450 | D:4      | 2450 ||| STAIRDANCE
  2476 | D:4      | Reached XP level 5. HP: 23/32 MP: 5/5
  2575 | D:4      | 2575 ||| DROPPING +0 whip.
  2690 | D:4      | 2690 ||| Stepping ~*~*~tactically~*~*~ (stealth).
  2693 | D:4      | 2693 ||| Stepping ~*~*~tactically~*~*~ (stealth).
  2715 | D:4      | 2715 ||| DRINKING 3 potions of curing.
  2715 | D:4      | 2715 ||| (to cure confusion)
  2718 | D:4      | Reached skill level 5 in Axes
  2732 | D:4      | Reached skill level 1 in Dodging
  2971 | D:4      | Reached XP level 6. HP: 36/37 MP: 6/6
  3331 | D:4      | 3331 ||| UPGRADING to +1 pair of gloves.
  3336 | D:4      | 3336 ||| READING scroll labelled JOPNAO HIBU.
  3437 | D:4      | 3437 ||| READING scroll labelled WEXIEF BICESE.
  3438 | D:4      | 3438 ||| DRINKING 3 bubbling dark potions.
  3439 | D:4      | 3439 ||| READING 2 scrolls of identify.
  3439 | D:4      | 3439 ||| IDENTIFYING viscous ruby potion
  3472 | D:5      | Entered Level 5 of the Dungeon
  3473 | D:5      | 3473 ||| PLANNING SEWER
  3480 | D:5      | 3480 ||| Stepping ~*~*~tactically~*~*~ (hiding).
  3503 | D:5      | Reached skill level 6 in Axes
  3503 | D:5      | Reached XP level 7. HP: 15/44 MP: 7/7
  3709 | D:5      | Found a glowing drain.
  3710 | D:5      | 3710 ||| UPGRADING to +1 cloak.
  3723 | Sewer    | Entered a sewer
  3765 | Sewer    | 3765 ||| READING scroll of enchant weapon.
  3765 | Sewer    | 3765 ||| ENCHANTING +1 war axe.
  3913 | Sewer    | 3913 ||| Stepping ~*~*~tactically~*~*~ (hiding).
  3916 | Sewer    | 3916 ||| Stepping ~*~*~tactically~*~*~ (hiding).
  3987 | Sewer    | 3987 ||| Stepping ~*~*~tactically~*~*~ (hiding).
  4019 | Sewer    | 4019 ||| READING scroll labelled NAGAGA JUHE.
  4020 | Sewer    | 4020 ||| DRINKING 3 metallic coppery potions.
  4049 | D:5      | 4049 ||| PLANNING D:1-11
  4186 | D:5      | Found a sacrificial altar of Ru.
  4187 | D:5      | 4187 ||| Stepping ~*~*~tactically~*~*~ (hiding).
  4232 | D:5      | 4232 ||| Stepping ~*~*~tactically~*~*~ (stealth).
  4235 | D:5      | 4235 ||| Stepping ~*~*~tactically~*~*~ (stealth).
  4253 | D:5      | 4253 ||| Stepping ~*~*~tactically~*~*~ (hiding).
  4254 | D:5      | 4254 ||| Stepping ~*~*~tactically~*~*~ (hiding).
  4256 | D:5      | 4256 ||| Stepping ~*~*~tactically~*~*~ (hiding).
  4398 | D:5      | Found a hide-covered altar of Uskayaw.
  4582 | D:5      | Found a staircase to the Ecumenical Temple.
  4583 | D:5      | 4583 ||| PLANNING TEMPLE
  4583 | D:5      | 4583 ||| DROPPING amulet of faith.
  4584 | D:5      | 4584 ||| UPGRADING to +4 ring of protection.
  4642 | Temple   | Entered the Ecumenical Temple
  4709 | Temple   | 4709 ||| PLANNING OKAWARU WORSHIP
  4716 | Temple   | Became a worshipper of Warmaster Okawaru
  4716 | Temple   | 4716 ||| PLANNING D:1-11
  4878 | D:6      | Identified the ring "Mairua" {rF+ Str+3}
  4920 | D:6      | Noticed Dowan
  4921 | D:6      | 4921 ||| Stepping ~*~*~tactically~*~*~ (hiding).
  4933 | D:6      | Killed Dowan
  4934 | D:6      | Reached skill level 1 in Throwing
  4935 | D:6      | Noticed Duvessa
  4936 | D:6      | 4936 ||| Stepping ~*~*~tactically~*~*~ (stealth).
  4949 | D:6      | HP: 10/44 [Duvessa/+0 short sword (2)]
  4950 | D:6      | 4950 ||| READING 4 scrolls of teleportation.
  4953 | D:6      | Killed Duvessa
  4954 | D:6      | Reached skill level 7 in Axes
  4954 | D:6      | Reached XP level 8. HP: 13/48 MP: 8/8
  5349 | D:6      | 5349 ||| Stepping ~*~*~tactically~*~*~ (stealth).
  5358 | D:6      | Reached * piety under Okawaru
  5576 | D:6      | Found an ancient bone altar of Kikubaaqudgha.
  5622 | D:6      | Reached skill level 1 in Invocations
  5794 | D:6      | Found Roxtaqowk's Armour Shoppe.
  5801 | D:6      | 5801 ||| SHOPLISTING +0 chain mail "Iboeptej" {rElec rF++
                  | Will-} (381 gold, have 262).
  5801 | D:6      | 5801 ||| BUYING +0 pair of boots (54 gold).
  5801 | D:6      | Bought a +0 pair of boots for 54 gold pieces
  5894 | D:6      | 5894 ||| INVOKING Heroism.
  5895 | D:6      | 5895 ||| Stepping ~*~*~tactically~*~*~ (cloud).
  5910 | D:6      | Reached skill level 8 in Axes
  5910 | D:6      | 5910 ||| INVOKING Heroism.
  5914 | D:6      | HP: 5/49 [steam dragon (8)]
  5915 | D:6      | 5915 ||| READING 4 scrolls of teleportation.
  5915 | D:6      | HP: 2/49 [steam dragon/ball of steam (4)]
  6241 | D:6      | 6241 ||| UPGRADING to +0 pair of boots.
  6246 | D:6      | 6246 ||| UPGRADING to ring "Mairua" {rF+ Str+3}.
  6248 | D:6      | 6248 ||| READING 2 scrolls of identify.
  6248 | D:6      | 6248 ||| IDENTIFYING blue potion
  6291 | D:7      | Noticed a hornet
  6296 | D:7      | 6296 ||| INVOKING Heroism.
  6303 | D:7      | Killed a hornet
  6304 | D:7      | Reached skill level 6 in Fighting
  6304 | D:7      | Reached XP level 9. HP: 31/56 MP: 6/9
  6415 | D:7      | Found an opulent altar of Gozag.
  6519 | D:7      | Identified the +10 hammer "Jacitril" {elec, Str+3}
  6521 | D:7      | 6521 ||| DROPPING +0 flail.
  6523 | D:7      | Found a runed translucent door.
  6524 | D:7      | Identified the +4 hammer "Taera" {flame, rPois rC+ Str+3
                  | Int+4}
  6524 | D:7      | Noticed Crazy Yiuf
  6807 | D:7      | Found a shadowy altar of Dithmenos.
  7141 | D:7      | 7141 ||| UPGRADING to +1 hat.
  7146 | D:7      | 7146 ||| DRINKING 2 sedimented red potions.
  7212 | D:8      | 7212 ||| INVOKING Heroism.
  7216 | D:8      | Reached skill level 3 in Invocations
  7616 | D:8      | 7616 ||| INVOKING Heroism.
  7619 | D:8      | Reached skill level 9 in Axes
  7622 | D:8      | Reached ** piety under Okawaru
  7629 | D:8      | Reached skill level 6 in Armour
  7837 | D:8      | 7837 ||| Stepping ~*~*~tactically~*~*~ (stealth).
  7858 | D:8      | Reached XP level 10. HP: 45/63 MP: 13/13
  7866 | D:8      | 7866 ||| INVOKING Heroism.
  7876 | D:8      | Reached skill level 10 in Axes
  8017 | D:8      | 8017 ||| Stepping ~*~*~tactically~*~*~ (hiding).
  8020 | D:8      | 8020 ||| Stepping ~*~*~tactically~*~*~ (hiding).
  8024 | D:8      | 8024 ||| INVOKING Heroism.
  8264 | D:8      | 8264 ||| DROPPING ring of magical power.
  8265 | D:8      | 8265 ||| READING 2 scrolls of identify.
  8265 | D:8      | 8265 ||| IDENTIFYING puce potion
  8266 | D:8      | 8266 ||| DROPPING potion of ambrosia.
  8295 | D:9      | 8295 ||| INVOKING Heroism.
  8298 | D:9      | Reached *** piety under Okawaru
  8429 | D:9      | 8429 ||| INVOKING Heroism.
  8489 | D:9      | Identified the ring "Mism" {Wiz rC- Will+ SInv}
  8548 | D:9      | Reached skill level 3 in Throwing
  8694 | D:9      | Identified the +9 halberd of Fedhas, Riding {drain, rElec
                  | rPois Will+ Str+6}
  8718 | D:9      | 8718 ||| Stepping ~*~*~tactically~*~*~ (stealth).
  8729 | D:9      | 8729 ||| Stepping ~*~*~tactically~*~*~ (stealth).
  8747 | D:9      | Reached **** piety under Okawaru
  8747 | D:9      | Received a gift from Okawaru
  8771 | D:9      | 8771 ||| Stepping ~*~*~tactically~*~*~ (stealth).
  8799 | D:9      | 8799 ||| Stepping ~*~*~tactically~*~*~ (stealth).
  8844 | D:9      | 8844 ||| Stepping ~*~*~tactically~*~*~ (stealth).
  8854 | D:9      | Found a basalt altar of Yredelemnul.
  8869 | D:9      | 8869 ||| DRINKING 4 potions of curing.
  8869 | D:9      | 8869 ||| (to cure confusion)
  8878 | D:9      | Noticed a two-headed ogre
  8878 | D:9      | 8878 ||| INVOKING Heroism.
  8885 | D:9      | Killed a two-headed ogre
  8886 | D:9      | Reached XP level 11. HP: 46/68 MP: 11/15
  8891 | D:9      | 8891 ||| DRINKING 3 potions of curing.
  8891 | D:9      | 8891 ||| (to cure confusion)
  8896 | D:9      | 8896 ||| Stepping ~*~*~tactically~*~*~ (stealth).
  8916 | D:9      | Reached skill level 11 in Axes
  8916 | D:9      | Reached skill level 6 in Invocations
  9217 | D:9      | 9217 ||| READING 3 scrolls of identify.
  9217 | D:9      | 9217 ||| IDENTIFYING murky green potion
  9218 | D:9      | 9218 ||| READING 2 scrolls of identify.
  9218 | D:9      | 9218 ||| IDENTIFYING brown potion
  9219 | D:9      | 9219 ||| DROPPING potion of degeneration.
  9234 | D:10     | Entered Level 10 of the Dungeon
  9236 | D:10     | 9236 ||| Stepping ~*~*~tactically~*~*~ (hiding).
  9238 | D:10     | 9238 ||| INVOKING Heroism.
  9265 | D:10     | Received a gift from Okawaru
  9396 | D:10     | Noticed Harold
  9397 | D:10     | 9397 ||| INVOKING Heroism.
  9411 | D:10     | 9411 ||| INVOKING Heroism.
  9425 | D:10     | Killed Harold
  9425 | D:10     | Reached ***** piety under Okawaru
  9582 | D:10     | Found Dicrycia's General Store.
  9585 | D:10     | 9585 ||| BUYING potion of curing (39 gold).
  9585 | D:10     | Bought a potion of curing for 39 gold pieces
  9585 | D:10     | 9585 ||| BUYING potion of curing (39 gold).
  9585 | D:10     | Bought a potion of curing for 39 gold pieces
  9585 | D:10     | 9585 ||| BUYING potion of haste (130 gold).
  9585 | D:10     | Bought a potion of haste for 130 gold pieces
  9588 | D:10     | Found Jented's Assorted Antiques.
  9593 | D:10     | 9593 ||| BUYING potion of mutation (208 gold).
  9593 | D:10     | Bought a potion of mutation for 208 gold pieces
  9593 | D:10     | 9593 ||| SHOPLISTING runed bone ring (130 gold, have 29).
  9593 | D:10     | 9593 ||| SHOPLISTING runed orb (312 gold, have 29).
  9609 | D:10     | Found Ytuol's Weapon Shoppe.
  9609 | D:10     | Noticed Joseph
  9610 | D:10     | 9610 ||| Stepping ~*~*~tactically~*~*~ (hiding).
  9620 | D:10     | Killed Joseph
  9676 | D:10     | 9676 ||| INVOKING Heroism.
  9800 | D:10     | Found a blossoming altar of Fedhas.
  9841 | D:10     | Found a bloodstained altar of Trog.
  9841 | D:10     | Found Jis Weco's Antique Armour Shop.
  9842 | D:10     | 9842 ||| INVOKING Heroism.
  9899 | D:10     | 9899 ||| SHOPLISTING faintly humming chain mail (190 gold,
                  | have 38).
  9899 | D:10     | 9899 ||| SHOPLISTING runed plate armour (520 gold, have
                  | 38).
  9945 | D:10     | Noticed a two-headed ogre
  9946 | D:10     | 9946 ||| INVOKING Heroism.
  9946 | D:10     | Noticed a two-headed ogre
  9956 | D:10     | Killed a two-headed ogre
  9957 | D:10     | Reached skill level 9 in Fighting
  9960 | D:10     | Killed a two-headed ogre
 10017 | D:10     | Identified the orb "Seumerur" {*Rage, Fly rN+ Will+ Dex-2}
 10123 | D:10     | 10123 ||| DROPPING orb "Seumerur" {*Rage, Fly rN+ Will+
                  | Dex-2}.
 10124 | D:10     | 10124 ||| READING scroll labelled MILEAR CYFUIPN.
 10125 | D:10     | 10125 ||| DRINKING 2 grey potions.
 10229 | D:10     | 10229 ||| DROPPING potion of berserk rage.
 10317 | D:11     | 10317 ||| Stepping ~*~*~tactically~*~*~ (stealth).
 10330 | D:11     | Noticed a manticore
 10331 | D:11     | 10331 ||| INVOKING Heroism.
 10350 | D:11     | 10350 ||| INVOKING Heroism.
 10353 | D:11     | Killed a manticore
 10407 | D:11     | 10407 ||| INVOKING Heroism.
 10427 | D:11     | Received a gift from Okawaru
 10451 | D:11     | Found a staircase to the Lair.
 10472 | D:11     | Noticed a cyclops
 10473 | D:11     | 10473 ||| Stepping ~*~*~tactically~*~*~ (hiding).
 10475 | D:11     | 10475 ||| Stepping ~*~*~tactically~*~*~ (hiding).
 10476 | D:11     | 10476 ||| INVOKING Heroism.
 10490 | D:11     | Killed a cyclops
 10491 | D:11     | Reached skill level 9 in Invocations
 10540 | D:11     | 10540 ||| INVOKING Heroism.
 10543 | D:11     | Reached XP level 12. HP: 76/76 MP: 15/18
 10637 | D:11     | Noticed a two-headed ogre
 10639 | D:11     | 10639 ||| Stepping ~*~*~tactically~*~*~ (stealth).
 10640 | D:11     | 10640 ||| Stepping ~*~*~tactically~*~*~ (stealth).
 10642 | D:11     | 10642 ||| Stepping ~*~*~tactically~*~*~ (stealth).
 10645 | D:11     | 10645 ||| INVOKING Heroism.
 10656 | D:11     | Killed a two-headed ogre
 10904 | D:11     | Found a portal to a secret trove of treasure.
 10939 | D:11     | 10939 ||| Stepping ~*~*~tactically~*~*~ (stealth).
 11002 | D:11     | Noticed a two-headed ogre
 11009 | D:11     | Killed a two-headed ogre
 11034 | D:11     | 11034 ||| PLANNING LAIR
 11074 | Lair:1   | Entered Level 1 of the Lair of Beasts
 11190 | Lair:1   | Reached skill level 12 in Axes
 11195 | Lair:1   | 11195 ||| INVOKING Heroism.
 11196 | Lair:1   | Received a gift from Okawaru
 11598 | Lair:1   | Received a gift from Okawaru
 11629 | Lair:1   | Reached skill level 9 in Armour
 11692 | Lair:1   | 11692 ||| INVOKING Heroism.
 11704 | Lair:1   | Reached skill level 6 in Shields
 11753 | Lair:1   | Found a snail-covered altar of Cheibriados.
 11804 | Lair:1   | 11804 ||| INVOKING Heroism.
 11851 | Lair:1   | 11851 ||| INVOKING Heroism.
 11880 | Lair:1   | Received a gift from Okawaru
 12116 | Lair:1   | 12116 ||| INVOKING Heroism.
 12544 | Lair:1   | 12544 ||| UPGRADING to amulet of the acrobat.
 12549 | Lair:1   | 12549 ||| READING scroll labelled IDEUGROXAA.
 12598 | Lair:1   | 12598 ||| DRINKING 2 lumpy puce potions.
 12599 | Lair:1   | 12599 ||| READING 2 scrolls of identify.
 12599 | Lair:1   | 12599 ||| IDENTIFYING fuming clear potion
 12600 | Lair:1   | 12600 ||| DROPPING potion of flight.
 12601 | Lair:1   | 12601 ||| DROPPING potion of brilliance.
 12696 | Lair:2   | Noticed Amaemon
 12697 | Lair:2   | 12697 ||| Stepping ~*~*~tactically~*~*~ (hiding).
 12699 | Lair:2   | 12699 ||| INVOKING Heroism.
 12708 | Lair:2   | Killed Amaemon
 12817 | Lair:2   | 12817 ||| Stepping ~*~*~tactically~*~*~ (stealth).
 12819 | Lair:2   | 12819 ||| INVOKING Heroism.
 12827 | Lair:2   | Identified the +5 pearl dragon scales of the Heavens {rN+
                  | Int+5 SInv} (Okawaru gifted it to you on level 2 of the
                  | Lair of Beasts)
 12827 | Lair:2   | Received a gift from Okawaru
 12835 | Lair:2   | 12835 ||| DROPPING +4 hammer "Taera" {flame, rPois rC+
                  | Str+3 Int+4}.
 12836 | Lair:2   | 12836 ||| DROPPING +10 hammer "Jacitril" {elec, Str+3}.
 12848 | Lair:2   | Found a staircase to the Shoals.
 12868 | Lair:2   | Reached XP level 13. HP: 61/82 MP: 20/20
 12890 | Lair:2   | 12890 ||| Stepping ~*~*~tactically~*~*~ (stealth).
 12898 | Lair:2   | 12898 ||| INVOKING Heroism.
 13609 | Lair:2   | 13609 ||| UPGRADING to +5 pearl dragon scales of the
                  | Heavens {rN+ Int+5 SInv}.
 13619 | Lair:2   | 13619 ||| DROPPING +0 plate armour.
 13620 | Lair:2   | 13620 ||| READING scroll labelled AREGANLOPTA.
 13621 | Lair:2   | 13621 ||| READING 2 scrolls of identify.
 13621 | Lair:2   | 13621 ||| IDENTIFYING bubbling orange potion
 13678 | Lair:3   | Reached skill level 13 in Axes
 13746 | Lair:3   | 13746 ||| INVOKING Heroism.
 13747 | Lair:3   | 13747 ||| SWAPPING to +0 broad axe.
 13770 | Lair:3   | 13770 ||| DROPPING +2 war axe.
 14010 | Lair:3   | 14010 ||| INVOKING Heroism.
 14208 | Lair:3   | 14208 ||| Stepping ~*~*~tactically~*~*~ (stealth).
 14266 | Lair:3   | Found a hole to the Spider Nest.
 14269 | Lair:3   | 14269 ||| Stepping ~*~*~tactically~*~*~ (stealth).
 14272 | Lair:3   | 14272 ||| INVOKING Heroism.
 14803 | Lair:3   | 14803 ||| READING scroll labelled YZAGGOK JAUBOI.
 14804 | Lair:3   | 14804 ||| READING 2 scrolls of identify.
 14804 | Lair:3   | 14804 ||| IDENTIFYING orange potion
 14805 | Lair:3   | 14805 ||| DROPPING potion of invisibility.
 14844 | Lair:4   | 14844 ||| INVOKING Heroism.
 15005 | Lair:4   | 15005 ||| INVOKING Heroism.
 15010 | Lair:4   | 15010 ||| SWAPPING to -2 demon whip of venom.
 15014 | Lair:4   | Reached skill level 14 in Axes
 15014 | Lair:4   | 15014 ||| SWAPPING to +0 broad axe.
 15152 | Lair:4   | 15152 ||| Stepping ~*~*~tactically~*~*~ (stealth).
 15155 | Lair:4   | 15155 ||| INVOKING Heroism.
 15278 | Lair:4   | Identified the +1 robe "Vonimaoc" {rC+ Regen+ rCorr}
 15294 | Lair:4   | 15294 ||| INVOKING Heroism.
 15353 | Lair:4   | 15353 ||| INVOKING Heroism.
 15613 | Lair:4   | 15613 ||| INVOKING Heroism.
 15622 | Lair:4   | HP: 10/84 [oklob plant/splash of acid (27)]
 15623 | Lair:4   | 15623 ||| READING 6 scrolls of teleportation.
 15623 | Lair:4   | HP: 1/84 [oklob plant/splash of acid (10)]
 15624 | Lair:4   | 15624 ||| DRINKING potion of heal wounds.
 16048 | Lair:5   | Entered Level 5 of the Lair of Beasts
 16059 | Lair:5   | 16059 ||| INVOKING Heroism.
 16069 | Lair:5   | Reached skill level 3 in Dodging
 16080 | Lair:5   | HP: 19/84 [elephant (9)]
 16081 | Lair:5   | 16081 ||| READING 5 scrolls of teleportation.
 16085 | Lair:5   | HP: 13/84 [elephant (7)]
 16088 | Lair:5   | 16088 ||| READING 4 scrolls of teleportation.
 16089 | Lair:5   | 16089 ||| SWAPPING to -2 demon whip of venom.
 16093 | Lair:5   | 16093 ||| SWAPPING to +0 broad axe.
 16094 | Lair:5   | 16094 ||| READING 3 scrolls of teleportation.
 16095 | Lair:5   | 16095 ||| Stepping ~*~*~tactically~*~*~ (water).
 16095 | Lair:5   | Found a viscous altar of Jiyva.
 16095 | Lair:5   | Found a staircase to the Slime Pits.
 16096 | Lair:5   | 16096 ||| READING 2 scrolls of teleportation.
 16305 | Lair:5   | 16305 ||| INVOKING Heroism.
 16365 | Lair:5   | Received a gift from Okawaru
 16366 | Lair:5   | Gained mutation: Your large and strong wings let you fly.
                  | [Gargoyle growth]
 16366 | Lair:5   | Reached XP level 14. HP: 82/90 MP: 21/21
 16413 | Lair:5   | 16413 ||| Stepping ~*~*~tactically~*~*~ (stealth).
 16414 | Lair:5   | 16414 ||| Stepping ~*~*~tactically~*~*~ (stealth).
 16416 | Lair:5   | 16416 ||| Stepping ~*~*~tactically~*~*~ (stealth).
 16419 | Lair:5   | 16419 ||| INVOKING Heroism.
 16449 | Lair:5   | 16449 ||| Stepping ~*~*~tactically~*~*~ (stealth).
 16450 | Lair:5   | 16450 ||| Stepping ~*~*~tactically~*~*~ (stealth).
 16460 | Lair:5   | 16460 ||| INVOKING Heroism.
 16482 | Lair:5   | 16482 ||| Stepping ~*~*~tactically~*~*~ (stealth).
 16483 | Lair:5   | 16483 ||| Stepping ~*~*~tactically~*~*~ (stealth).
 16485 | Lair:5   | 16485 ||| SWAPPING to -2 demon whip of venom.
 16493 | Lair:5   | 16493 ||| SWAPPING to +0 broad axe.
 16502 | Lair:5   | 16502 ||| INVOKING Heroism.
 16628 | Lair:5   | Received a gift from Okawaru
 16645 | Lair:5   | 16645 ||| Stepping ~*~*~tactically~*~*~ (stealth).
 16648 | Lair:5   | 16648 ||| Stepping ~*~*~tactically~*~*~ (stealth).
 16650 | Lair:5   | 16650 ||| Stepping ~*~*~tactically~*~*~ (stealth).
 16664 | Lair:5   | 16664 ||| INVOKING Heroism.
 16886 | Lair:5   | 16886 ||| INVOKING Heroism.
 16902 | Lair:5   | Reached skill level 6 in Throwing
 16916 | Lair:5   | Identified the +1 trident "Savyr" {pain, Drain rElec rC+
                  | rCorr}
 17003 | Lair:5   | 17003 ||| Stepping ~*~*~tactically~*~*~ (hiding).
 17041 | Lair:5   | 17041 ||| Stepping ~*~*~tactically~*~*~ (hiding).
 17042 | Lair:5   | 17042 ||| Stepping ~*~*~tactically~*~*~ (hiding).
 17054 | Lair:5   | Received a gift from Okawaru
 17236 | Lair:5   | 17236 ||| INVOKING Heroism.
 17305 | Lair:5   | 17305 ||| Stepping ~*~*~tactically~*~*~ (stealth).
 17331 | Lair:5   | 17331 ||| Stepping ~*~*~tactically~*~*~ (stealth).
 17337 | Lair:5   | 17337 ||| INVOKING Heroism.
 17342 | Lair:5   | Reached skill level 15 in Axes
 17627 | Lair:5   | 17627 ||| Stepping ~*~*~tactically~*~*~ (stealth).
 17628 | Lair:5   | 17628 ||| Stepping ~*~*~tactically~*~*~ (stealth).
 17707 | Lair:5   | 17707 ||| PLANNING D
 17707 | Lair:5   | 17707 ||| DROPPING amulet of guardian spirit.
 17708 | Lair:5   | 17708 ||| DROPPING ring of positive energy.
 17709 | Lair:5   | 17709 ||| READING 3 scrolls of identify.
 17709 | Lair:5   | 17709 ||| IDENTIFYING clear potion
 17843 | D:12     | Found Osotybitt's Jewellery Shop.
 17851 | D:12     | 17851 ||| BUYING +5 ring of evasion (504 gold).
 17851 | D:12     | Bought a +5 ring of evasion for 504 gold pieces
 17851 | D:12     | 17851 ||| SHOPLISTING amulet of regeneration (420 gold,
                  | have 288).
 17877 | D:12     | 17877 ||| Stepping ~*~*~tactically~*~*~ (hiding).
 17886 | D:12     | Received a gift from Okawaru
 17909 | D:12     | Found a staircase to the Orcish Mines.
 18195 | D:12     | Identified the +3 sling "Qiedunuk" {freeze, rElec rN+
                  | Dex+4}
 18281 | D:12     | Found Eharucvu's Distillery.
 18286 | D:12     | 18286 ||| BUYING 2 potions of curing (102 gold).
 18286 | D:12     | Bought 2 potions of curing for 102 gold pieces
 18286 | D:12     | 18286 ||| BUYING potion of attraction (51 gold).
 18286 | D:12     | Bought a potion of attraction for 51 gold pieces
 18286 | D:12     | 18286 ||| BUYING potion of attraction (51 gold).
 18286 | D:12     | Bought a potion of attraction for 51 gold pieces
 18286 | D:12     | 18286 ||| BUYING potion of attraction (51 gold).
 18286 | D:12     | Bought a potion of attraction for 51 gold pieces
 18286 | D:12     | 18286 ||| SHOPLISTING potion of cancellation (136 gold,
                  | have 50).
 18286 | D:12     | 18286 ||| SHOPLISTING potion of heal wounds (85 gold, have
                  | 50).
 18286 | D:12     | 18286 ||| SHOPLISTING potion of lignification (51 gold,
                  | have 50).
 18286 | D:12     | 18286 ||| SHOPLISTING potion of mutation (136 gold, have
                  | 50).
 18333 | D:12     | Reached skill level 12 in Fighting
 18335 | D:12     | Found Kocytz's Book Emporium.
 18346 | D:12     | 18346 ||| UPGRADING to +5 ring of evasion.
 18362 | D:12     | Found Oguriosh's Weapon Shop.
 18368 | D:12     | 18368 ||| SHOPLISTING +1 heavy broad axe (184 gold, have
                  | 50).
 18368 | D:12     | 18368 ||| SHOPLISTING +8 hand axe of Subterfuge {flame,
                  | rCorr MP+9 Str-3 Dex+4} (1027 gold, have 50).
 18383 | D:12     | Found Ved Gem's Antique Armour Shop.
 18386 | D:12     | 18386 ||| SHOPLISTING glowing helmet (262 gold, have 50).
 18386 | D:12     | 18386 ||| SHOPLISTING glowing plate armour (910 gold, have
                  | 50).
 18386 | D:12     | 18386 ||| SHOPLISTING twisted buckler (332 gold, have 50).
 18528 | D:12     | 18528 ||| DROPPING +6 ring of dexterity.
 18529 | D:12     | 18529 ||| UPGRADING to ring "Mairua" {rF+ Str+3}.
 18674 | D:13     | 18674 ||| INVOKING Heroism.
 18751 | D:13     | 18751 ||| INVOKING Heroism.
 18763 | D:13     | 18763 ||| Stepping ~*~*~tactically~*~*~ (stealth).
 18764 | D:13     | 18764 ||| Stepping ~*~*~tactically~*~*~ (stealth).
 18772 | D:13     | 18772 ||| Stepping ~*~*~tactically~*~*~ (stealth).
 18885 | D:13     | 18885 ||| Stepping ~*~*~tactically~*~*~ (hiding).
 19082 | D:13     | Identified the +2 chain mail of Privacy {+Blink Fly Int+2}
 19086 | D:13     | 19086 ||| Stepping ~*~*~tactically~*~*~ (stealth).
 19124 | D:13     | Found an ornate altar of the Wu Jian Council.
 19141 | D:13     | 19141 ||| INVOKING Heroism.
 19252 | D:13     | 19252 ||| READING 3 scrolls of enchant weapon.
 19252 | D:13     | 19252 ||| ENCHANTING +0 broad axe.
 19253 | D:13     | 19253 ||| READING 2 scrolls of enchant weapon.
 19253 | D:13     | 19253 ||| ENCHANTING +1 broad axe.
 19254 | D:13     | 19254 ||| READING scroll of enchant weapon.
 19254 | D:13     | 19254 ||| ENCHANTING +2 broad axe.
 19327 | D:13     | Received a gift from Okawaru
 19333 | D:13     | Reached skill level 16 in Axes
 19587 | D:13     | 19587 ||| UPGRADING to +0 kite shield.
 19597 | D:13     | 19597 ||| DROPPING +0 buckler.
 19598 | D:13     | 19598 ||| UPGRADING to amulet of regeneration.
 19608 | D:13     | 19608 ||| DROPPING amulet of the acrobat.
 19609 | D:13     | 19609 ||| READING scroll labelled VESOOLE WUTOIK.
 19641 | D:14     | 19641 ||| INVOKING Heroism.
 19710 | D:14     | Found Ydghu Jusk's Antique Weapon Emporium.
 19751 | D:14     | 19751 ||| Stepping ~*~*~tactically~*~*~ (hiding).
 19752 | D:14     | 19752 ||| Stepping ~*~*~tactically~*~*~ (hiding).
 19770 | D:14     | 19770 ||| Stepping ~*~*~tactically~*~*~ (hiding).
 19818 | D:14     | 19818 ||| Stepping ~*~*~tactically~*~*~ (hiding).
 19821 | D:14     | 19821 ||| Stepping ~*~*~tactically~*~*~ (hiding).
 19828 | D:14     | 19828 ||| INVOKING Heroism.
 19831 | D:14     | 19831 ||| INVOKING Finesse.
 19959 | D:14     | Reached skill level 9 in Shields
 19959 | D:14     | Reached XP level 15. HP: 77/96 MP: 22/22
 19967 | D:14     | 19967 ||| INVOKING Heroism.
 19972 | D:14     | HP: 23/96 [vault guard/+0 great sword (9)]
 19973 | D:14     | 19973 ||| READING 2 scrolls of teleportation.
 19974 | D:14     | 19974 ||| DRINKING potion of heal wounds.
 20215 | D:14     | 20215 ||| Stepping ~*~*~tactically~*~*~ (stealth).
 20238 | D:14     | Received a gift from Okawaru
 20240 | D:14     | 20240 ||| INVOKING Heroism.
 20317 | D:14     | Found a gate to the Vaults.
 20328 | D:14     | 20328 ||| INVOKING Heroism.
 20394 | D:14     | 20394 ||| Stepping ~*~*~tactically~*~*~ (stealth).
 20396 | D:14     | 20396 ||| Stepping ~*~*~tactically~*~*~ (stealth).
 20398 | D:14     | 20398 ||| Stepping ~*~*~tactically~*~*~ (stealth).
 20402 | D:14     | 20402 ||| INVOKING Heroism.
 20431 | D:14     | Received a gift from Okawaru
 20633 | D:14     | 20633 ||| Stepping ~*~*~tactically~*~*~ (stealth).
 20890 | D:14     | 20890 ||| READING scroll labelled OMAYJA NIMIUL.
 20925 | D:15     | Entered Level 15 of the Dungeon
 20934 | D:15     | 20934 ||| INVOKING Heroism.
 20966 | D:15     | 20966 ||| INVOKING Finesse.
 20977 | D:15     | Reached skill level 12 in Shields
 20978 | D:15     | 20978 ||| INVOKING Heroism.
 21065 | D:15     | 21065 ||| INVOKING Heroism.
 21107 | D:15     | 21107 ||| Stepping ~*~*~tactically~*~*~ (stealth).
 21114 | D:15     | 21114 ||| Stepping ~*~*~tactically~*~*~ (stealth).
 21124 | D:15     | 21124 ||| Stepping ~*~*~tactically~*~*~ (stealth).
 21140 | D:15     | 21140 ||| Stepping ~*~*~tactically~*~*~ (hiding).
 21151 | D:15     | 21151 ||| Stepping ~*~*~tactically~*~*~ (hiding).
 21426 | D:15     | 21426 ||| Stepping ~*~*~tactically~*~*~ (stealth).
 21429 | D:15     | 21429 ||| Stepping ~*~*~tactically~*~*~ (stealth).
 21614 | D:15     | Found a staircase to the Depths.
 21742 | D:15     | 21742 ||| PLANNING ORC
 21835 | Orc:1    | Entered Level 1 of the Orcish Mines
 21982 | Orc:2    | Entered Level 2 of the Orcish Mines
 21982 | Orc:2    | Found a staircase to the Elven Halls.
 22105 | Orc:2    | 22105 ||| Stepping ~*~*~tactically~*~*~ (hiding).
 22107 | Orc:2    | 22107 ||| Stepping ~*~*~tactically~*~*~ (hiding).
 22108 | Orc:2    | 22108 ||| Stepping ~*~*~tactically~*~*~ (hiding).
 22109 | Orc:2    | 22109 ||| Stepping ~*~*~tactically~*~*~ (hiding).
 22110 | Orc:2    | 22110 ||| Stepping ~*~*~tactically~*~*~ (hiding).
 22112 | Orc:2    | 22112 ||| Stepping ~*~*~tactically~*~*~ (hiding).
 22113 | Orc:2    | 22113 ||| INVOKING Heroism.
 22114 | Orc:2    | 22114 ||| Stepping ~*~*~tactically~*~*~ (hiding).
 22217 | Orc:2    | 22217 ||| Stepping ~*~*~tactically~*~*~ (hiding).
 22219 | Orc:2    | 22219 ||| Stepping ~*~*~tactically~*~*~ (hiding).
 22227 | Orc:2    | 22227 ||| Stepping ~*~*~tactically~*~*~ (stealth).
 22288 | Orc:1    | 22288 ||| DRINKING 10 potions of curing.
 22288 | Orc:1    | 22288 ||| (to cure confusion)
 22437 | Orc:1    | 22437 ||| Stepping ~*~*~tactically~*~*~ (stealth).
 22438 | Orc:1    | 22438 ||| Stepping ~*~*~tactically~*~*~ (stealth).
 22440 | Orc:1    | 22440 ||| Stepping ~*~*~tactically~*~*~ (hiding).
 22457 | Orc:1    | 22457 ||| Stepping ~*~*~tactically~*~*~ (stealth).
 22460 | Orc:1    | 22460 ||| Stepping ~*~*~tactically~*~*~ (hiding).
 22463 | Orc:1    | 22463 ||| Stepping ~*~*~tactically~*~*~ (hiding).
 22464 | Orc:1    | 22464 ||| Stepping ~*~*~tactically~*~*~ (hiding).
 22465 | Orc:1    | 22465 ||| Stepping ~*~*~tactically~*~*~ (hiding).
 22466 | Orc:1    | 22466 ||| Stepping ~*~*~tactically~*~*~ (hiding).
 22584 | Orc:1    | 22584 ||| Stepping ~*~*~tactically~*~*~ (hiding).
 22585 | Orc:1    | 22585 ||| Stepping ~*~*~tactically~*~*~ (hiding).
 22831 | Orc:2    | 22831 ||| INVOKING Heroism.
 22836 | Orc:2    | Paralysed by an orc sorcerer for 4 turns
 22874 | Orc:2    | 22874 ||| Stepping ~*~*~tactically~*~*~ (stealth).
 22878 | Orc:2    | 22878 ||| Stepping ~*~*~tactically~*~*~ (stealth).
 22886 | Orc:2    | 22886 ||| INVOKING Heroism.
 22905 | Orc:2    | Found an ancient bone altar of Kikubaaqudgha.
 22905 | Orc:2    | Noticed Nergalle
 22932 | Orc:2    | Killed Nergalle
 22944 | Orc:2    | Found Pietiept's Antique Armour Boutique.
 22949 | Orc:2    | Noticed Josephine
 22959 | Orc:2    | Killed Josephine
 22967 | Orc:2    | 22967 ||| INVOKING Heroism.
 23007 | Orc:2    | 23007 ||| INVOKING Heroism.
 23009 | Orc:2    | Found a radiant altar of Vehumet.
 23011 | Orc:2    | Paralysed by an ogre mage for 4 turns
 23051 | Orc:2    | 23051 ||| BUYING bloodstained plate armour (924 gold).
 23051 | Orc:2    | Bought a bloodstained plate armour for 924 gold pieces
 23051 | Orc:2    | Identified the +9 plate armour of Liaset {rF+} (You bought
                  | it in a shop on level 2 of the Orcish Mines)
 23064 | Orc:2    | 23064 ||| Stepping ~*~*~tactically~*~*~ (hiding).
 23066 | Orc:2    | 23066 ||| Stepping ~*~*~tactically~*~*~ (hiding).
 23070 | Orc:2    | 23070 ||| Stepping ~*~*~tactically~*~*~ (hiding).
 23100 | Orc:2    | 23100 ||| Stepping ~*~*~tactically~*~*~ (stealth).
 23102 | Orc:2    | 23102 ||| Stepping ~*~*~tactically~*~*~ (hiding).
 23105 | Orc:2    | 23105 ||| Stepping ~*~*~tactically~*~*~ (hiding).
 23219 | Orc:2    | Found Ybliot's Magic Scroll Boutique.
 23229 | Orc:2    | 23229 ||| BUYING scroll of identify (28 gold).
 23229 | Orc:2    | Bought a scroll of identify for 28 gold pieces
 23229 | Orc:2    | 23229 ||| BUYING scroll of teleportation (42 gold).
 23229 | Orc:2    | Bought a scroll of teleportation for 42 gold pieces
 23229 | Orc:2    | 23229 ||| BUYING scroll of teleportation (42 gold).
 23229 | Orc:2    | Bought a scroll of teleportation for 42 gold pieces
 23267 | Orc:2    | 23267 ||| INVOKING Heroism.
 23299 | Orc:2    | Found Hymojeit's Antique Weapon Shop.
 23304 | Orc:2    | Found Oxtulou's Book Boutique.
 23505 | Orc:2    | 23505 ||| PLANNING SHOALS:1-3
 23662 | Shoals:1 | Entered Level 1 of the Shoals
 23662 | Shoals:1 | Noticed Mlioglotl
 23663 | Shoals:1 | 23663 ||| INVOKING Heroism.
 23664 | Shoals:1 | 23664 ||| INVOKING Finesse.
 23680 | Shoals:1 | Killed Mlioglotl
 23681 | Shoals:1 | Reached XP level 16. HP: 101/101 MP: 16/23
 23748 | Shoals:1 | Reached skill level 17 in Axes
 23829 | Shoals:1 | Found Jiof's Overcharged Wands.
 23837 | Shoals:1 | 23837 ||| INVOKING Heroism.
 23841 | Shoals:1 | Received a gift from Okawaru
 23934 | Shoals:1 | 23934 ||| SHOPLISTING wand of digging (11) (693 gold, have
                  | 270).
 23962 | Shoals:1 | 23962 ||| INVOKING Heroism.
 24009 | Shoals:1 | 24009 ||| READING scroll of enchant weapon.
 24009 | Shoals:1 | 24009 ||| ENCHANTING +3 broad axe of protection.
 24055 | Shoals:1 | Received a gift from Okawaru
 24312 | Shoals:1 | 24312 ||| Stepping ~*~*~tactically~*~*~ (hiding).
 24320 | Shoals:1 | 24320 ||| INVOKING Heroism.
 24398 | Shoals:1 | 24398 ||| INVOKING Heroism.
 24527 | Shoals:1 | 24527 ||| INVOKING Heroism.
 24615 | Shoals:1 | Received a gift from Okawaru
 24742 | Shoals:1 | 24742 ||| READING scroll labelled CUHIUF FEINULA.
 24742 | Shoals:1 | Identified a scroll of acquirement
 24796 | Shoals:2 | 24796 ||| INVOKING Heroism.
 24861 | Shoals:2 | HP: 26/104 [snapping turtle (11)]
 24862 | Shoals:2 | 24862 ||| READING 6 scrolls of teleportation.
 24866 | Shoals:2 | HP: 21/104 [barbs]
 24867 | Shoals:2 | 24867 ||| READING 5 scrolls of teleportation.
 24981 | Shoals:2 | 24981 ||| READING scroll of acquirement.
 24981 | Shoals:2 | 24981 ||| ACQUIRING +0 pair of gloves of Muxkof {Regen+}
 24981 | Shoals:2 | Acquired the +0 pair of gloves of Muxkof {Regen+}
 24983 | Shoals:2 | 24983 ||| UPGRADING to +0 pair of gloves of Muxkof
                  | {Regen+}.
 24984 | Shoals:2 | 24984 ||| UPGRADING to +0 pair of gloves of Muxkof
                  | {Regen+}.
 24994 | Shoals:2 | 24994 ||| DROPPING +1 pair of gloves.
 25017 | Shoals:2 | 25017 ||| INVOKING Heroism.
 25026 | Shoals:2 | Reached skill level 18 in Axes
 25454 | Shoals:2 | 25454 ||| Stepping ~*~*~tactically~*~*~ (hiding).
 25457 | Shoals:2 | 25457 ||| INVOKING Heroism.
 25495 | Shoals:2 | 25495 ||| Stepping ~*~*~tactically~*~*~ (hiding).
 25517 | Shoals:2 | 25517 ||| INVOKING Heroism.
 25659 | Shoals:2 | 25659 ||| INVOKING Heroism.
 25791 | Shoals:3 | Received a gift from Okawaru
 25879 | Shoals:3 | Reached skill level 12 in Armour
 25917 | Shoals:3 | 25917 ||| INVOKING Heroism.
 25918 | Shoals:3 | 25918 ||| INVOKING Finesse.
 25964 | Shoals:3 | 25964 ||| INVOKING Heroism.
 26023 | Shoals:3 | 26023 ||| READING 3 scrolls of enchant weapon.
 26023 | Shoals:3 | 26023 ||| ENCHANTING +4 broad axe of protection.
 26024 | Shoals:3 | 26024 ||| READING 2 scrolls of enchant weapon.
 26024 | Shoals:3 | 26024 ||| ENCHANTING +5 broad axe of protection.
 26025 | Shoals:3 | 26025 ||| READING scroll of enchant weapon.
 26025 | Shoals:3 | 26025 ||| ENCHANTING +6 broad axe of protection.
 26029 | Shoals:3 | 26029 ||| INVOKING Heroism.
 26065 | Shoals:3 | 26065 ||| Stepping ~*~*~tactically~*~*~ (hiding).
 26067 | Shoals:3 | 26067 ||| Stepping ~*~*~tactically~*~*~ (hiding).
 26068 | Shoals:3 | 26068 ||| Stepping ~*~*~tactically~*~*~ (hiding).
 26069 | Shoals:3 | 26069 ||| Stepping ~*~*~tactically~*~*~ (hiding).
 26070 | Shoals:3 | 26070 ||| Stepping ~*~*~tactically~*~*~ (hiding).
 26243 | Shoals:3 | 26243 ||| INVOKING Heroism.
 26384 | Shoals:3 | 26384 ||| INVOKING Heroism.
 26695 | Shoals:3 | 26695 ||| PLANNING SPIDER:1-3
 26748 | Shoals:1 | 26748 ||| PLANNING D:1-11
 27334 | D:11     | 27334 ||| PLANNING LAIR
 27381 | Lair:5   | 27381 ||| PLANNING D
 27503 | D:15     | 27503 ||| PLANNING ORC
 27606 | Orc:2    | 27606 ||| PLANNING SPIDER:1-3
 27730 | Spider:1 | Entered Level 1 of the Spider Nest
 27745 | Spider:1 | 27745 ||| Stepping ~*~*~tactically~*~*~ (stealth).
 27746 | Spider:1 | 27746 ||| Stepping ~*~*~tactically~*~*~ (hiding).
 27751 | Spider:1 | Reached XP level 17. HP: 109/109 MP: 24/24
 27819 | Spider:1 | 27819 ||| DRINKING 10 potions of curing.
 27819 | Spider:1 | 27819 ||| (to cure confusion)
 27825 | Spider:1 | 27825 ||| DRINKING 9 potions of curing.
 27825 | Spider:1 | 27825 ||| (to cure confusion)
 27827 | Spider:1 | 27827 ||| DRINKING 8 potions of curing.
 27827 | Spider:1 | 27827 ||| (to cure confusion)
 27846 | Spider:1 | 27846 ||| INVOKING Heroism.
 27857 | Spider:1 | HP: 26/110 [demonic crawler (8)]
 27858 | Spider:1 | 27858 ||| READING 5 scrolls of teleportation.
 27861 | Spider:1 | 27861 ||| READING 4 scrolls of teleportation.
 27866 | Spider:1 | HP: 24/110 [redback (7)]
 27867 | Spider:1 | 27867 ||| READING 3 scrolls of teleportation.
 27883 | Spider:1 | HP: 25/110 [redback (7)]
 27884 | Spider:1 | 27884 ||| READING 2 scrolls of teleportation.
 27887 | Spider:1 | HP: 5/111 [pharaoh ant (16)]
 27888 | Spider:1 | 27888 ||| READING scroll of teleportation.
 27891 | Spider:1 | 27891 ||| INVOKING Heroism.
 27906 | Spider:1 | HP: 27/111 [demonic crawler (3)]
 27913 | Spider:1 | HP: 22/111 [demonic crawler (3)]
 27916 | Spider:1 | 27916 ||| INVOKING Heroism.
 27918 | Spider:1 | Blown up by an orb spider

Levels and vault maps discovered:
D:1:      mrwooster_arrival_statue, layout_basic
D:2:      layout_basic, basic_altar, chequers_serial_rivers_micro_c,
          skrybe_limestone_x
D:3:      layout_basic, grunt_decor_one_mirror
D:4:      layout_basic
D:5:      layout_cave_pools, amcnicky_altar_gilded,
          nicolae_ru_great_annihilating_truth, minmay_temple_entry_grid,
          portal_sewer_entry_d, minmay_crossroads
D:6:      kennysheep_steamy, layout_basic, kiku_gazebo_garden_becter,
          serial_shops, shop, chequers_arboretum, hangedman_glass_garden,
          uniq_duvessa
D:7:      layout_basic, lemuel_tele_altar, mainiacjoe_overflow_24_doors,
          uniq_crazy_yiuf_cottage
D:8:      layout_cave_pods
D:9:      layout_cave_pools, nicolae_yredelemnul_corpse_copse, enter_bailey_3
D:10:     layout_cave_pools, fedhas_bush_and_centaur_altar,
          trog_ov_bears_minmay, serial_shops, nicolae_shop_behind_doors,
          nicolae_shop_dealshenge, shop, shop, uniq_joseph, uniq_harold
D:11:     layout_big_octagon, due_lair_maze_entry_diamond, enter_trove_6
D:12:     layout_rooms, orc_0_dummy, serial_shops, shop,
          nicolae_shop_tiny_real_fake_doors, shop, shop, kennysheep_little_box,
          kennysheep_generic_room_6
D:13:     cheibrodos_fzero, layout_cave_pools, serial_park, serial_park_gazebo
          [serial_park_minivault_5x5_4], serial_park_avenue1,
          serial_park_square3 [serial_park_minivault_5x5_1],
          minmay_joined_circles
D:14:     layout_gridville, erik_vaults_2, serial_shops, nicolae_shop_stone,
          solitary_fountain, minmay_beelzebubs_servants
D:15:     hangedman_depths_entry_civil_slaughter, layout_irregular_city,
          serial_park_square1 [serial_park_minivault_5x5_1]
Temple:   jpeg_temple_clearing
Lair:1:   layout_cave_pods, special_room [special_room_bee], st_stairs_7,
          kennysheep_snail_temple
Lair:2:   layout_chaotic_city, minmay_shoals_entry_beasts,
          cheibrodos_lair_lostbears, uniq_amaemon
Lair:3:   layout_cellular_growth, nicolae_spider_entry_non_spiders,
          grunt_megastairs_5
Lair:4:   layout_big_grid, st_stairs_10, chequers_serial_rivers_small_b,
          nicolae_quartered_pool_little, small_statue_intersection,
          minmay_lair_oklob_items, hibernation_bobbens,
          infiniplex_staircase_pool_2
Lair:5:   gammafunk_lair_ancient_temple, layout_cave_pods, slime_entry_1,
          grunt_megastairs_3
Shoals:1: layout_shoals, nicolae_shop_overcharged_wands, uniq_mlioglotl
Shoals:2: layout_shoals
Shoals:3: layout_shoals, nicolae_shoals_nymph_descending_staircase
Spider:1: layout_spider_delve, worms_lemuel
Orc:1:    layout_caves, mines_bat_river
Orc:2:    kennysheep_orc_mage_school, layout_diamond_mine, uniq_josephine

Skill      XL: |  1  2  3  4  5  6  7  8  9 10 11 12 13 14 15 16 17 |
---------------+----------------------------------------------------+-----
Axes           | 2 3 4 5 6 7 8 9 10 11 12 14 16 18 | 18.0
Dodging        | 1 2 3 4 |  4.0
Fighting       | 4 6 7 8 9 10 11 12 13 14 | 14.0
Armour         | 4 5 6 7 8 9 10 11 12 | 12.0
Throwing       | 1 2 3 5 6 |  6.2
Invocations    | 1 4 5 9 10 | 10.0
Shields        | 4 5 6 7 9 13 | 13.6

Action                     |  1- 3 |  4- 6 |  7- 9 | 10-12 | 13-15 | 16-18 || total
---------------------------+-------+-------+-------+-------+-------+-------++-------
  Melee: War axe           |    84 |   147 |   325 |   585 |    48 |       ||  1189
         Broad axe         |       |       |       |       |  1152 |   651 ||  1803
         Demon whip        |       |       |       |       |    13 |       ||    13
  Throw: Boomerang         |       |    12 |     8 |    21 |    57 |    32 ||   130
         Javelin           |       |       |    21 |    60 |   145 |    12 ||   238
 Invoke: Heroism           |       |       |     5 |    24 |    38 |    18 ||    85
         Finesse           |       |       |       |       |     3 |     1 ||     4
    Use: Scroll            |     1 |     9 |     5 |     6 |    16 |    12 ||    49
         Potion            |       |     3 |     2 |     4 |     3 |     3 ||    15
   Stab: Distracted        |       |       |     1 |       |       |       ||     1
         Paralysed         |       |       |     1 |       |       |       ||     1
 Armour: Scale mail        |     6 |       |       |       |       |       ||     6
         Chain mail        |    34 |    35 |       |       |       |       ||    69
         Plate armour      |       |    88 |   248 |   483 |    18 |       ||   837
         Pearl dragon scal |       |       |       |       |   646 |   452 ||  1098
  Dodge: Dodged            |    30 |    46 |   111 |   235 |   600 |   534 ||  1556
  Block: Buckler           |    10 |    44 |    67 |   140 |   190 |       ||   451
         Kite shield       |       |       |       |       |   257 |   482 ||   739

Table legend:
 A = Non-vault XP
 B = Vault XP
 C = Vault XP percentage of total XP
 D = Non-vault monster count
 E = Vault monster count
 F = Vault count percentage of total count
                 A         B        C        D         E       F
            +---------+---------+-------+---------+---------+-------
      Total |  125890 |   62708 |  33.2 |     515 |     228 |  30.7
            +---------+---------+-------+---------+---------+-------
        D:1 |      30 |       0 |   0.0 |      17 |       0 |   0.0
        D:2 |      75 |       0 |   0.0 |      22 |       0 |   0.0
        D:3 |      33 |       0 |   0.0 |      11 |       0 |   0.0
        D:4 |     198 |       0 |   0.0 |      25 |       0 |   0.0
        D:5 |     374 |     175 |  31.9 |      22 |       6 |  21.4
        D:6 |     722 |     591 |  45.0 |      13 |       4 |  23.5
        D:7 |     559 |       0 |   0.0 |       5 |       0 |   0.0
        D:8 |    2808 |       0 |   0.0 |      27 |       0 |   0.0
        D:9 |    2860 |    1749 |  37.9 |      23 |      14 |  37.8
       D:10 |    3231 |    1990 |  38.1 |      19 |       5 |  20.8
       D:11 |    2970 |    2218 |  42.8 |       9 |      12 |  57.1
       D:12 |    3953 |     431 |   9.8 |      17 |       3 |  15.0
       D:13 |    3166 |   11618 |  78.6 |      11 |      23 |  67.6
       D:14 |    6602 |   10142 |  60.6 |      12 |      16 |  57.1
       D:15 |   10062 |    3279 |  24.6 |      16 |       5 |  23.8
     Lair:1 |    4584 |    3506 |  43.3 |      20 |      29 |  59.2
     Lair:2 |    2737 |    2554 |  48.3 |      11 |       6 |  35.3
     Lair:3 |    3572 |    1253 |  26.0 |      13 |      10 |  43.5
     Lair:4 |    6182 |    1470 |  19.2 |      18 |       3 |  14.3
     Lair:5 |    8649 |    8554 |  49.7 |      28 |      22 |  44.0
   Shoals:1 |   19839 |    1898 |   8.7 |      39 |       1 |   2.5
   Shoals:2 |   18621 |       0 |   0.0 |      40 |       0 |   0.0
   Shoals:3 |   12574 |    1757 |  12.3 |      26 |       4 |  13.3
   Spider:1 |    6716 |     862 |  11.4 |      21 |       2 |   8.7
      Orc:1 |    3198 |      10 |   0.3 |      36 |       5 |  12.2
      Orc:2 |    1575 |    8497 |  84.4 |      14 |      39 |  73.6
      Sewer |       0 |     154 | 100.0 |       0 |      19 | 100.0
            +---------+---------+-------+---------+---------+-------
